 Dungeon Crawl Stone Soup version 0.31-a0-1540-g5a0b83f448 (webtiles) character file.

Game seed: 4577766034950668883

59 Laraso the Skirmisher (level 4, -2/40 HPs)
             Began as a Hill Orc Monk on Jan 1, 2024.
             Killed from afar by Sigmund (8 damage)
             ... with a puff of flame
             ... on level 2 of the Dungeon.
             The game lasted 00:03:41 (894 turns).

Laraso the Skirmisher (Hill Orc Monk)                Turns: 894, Time: 00:03:41

Health: -2/40      AC:  2    Str: 15    XL:     4   Next: 3%
Magic:  4/4        EV: 12    Int: 10    God:
Gold:   31         SH:  0    Dex: 13    Spells: 3/3 levels left

rFire   . . .        b - +0 sling
rCold   . . .        d - orb {light}
rNeg    . . .        i - +0 robe
rPois   .            (no helmet)
rElec   .            (no cloak)
rCorr   .            (no gloves)
SInv    .            (no boots)
Will    .....        (no amulet)
Stlth   +            (no ring)
HPRegen 0.26/turn    (no ring)
MPRegen 0.09/turn

%: no passive effects
@: confused, glowing
A: no striking features
a: no special abilities


You were on level 2 of the Dungeon.
You visited 1 branch of the dungeon, and saw 2 of its levels.

You collected 77 gold pieces.
You spent 46 gold pieces at shops.

Inventory:

Hand Weapons
 a - a +0 hand axe
 b - a +0 sling (weapon)
Armour
 d - an orb of light (worn)
 i - a +0 robe (worn)
Scrolls
 f - a scroll of identify {unknown}
 g - a scroll of fog {unknown}
 j - a scroll of acquirement {unknown}
Potions
 h - a potion of lignification


   Skills:
 - Level 4.3 Fighting
 - Level 4.6 Axes
 * Level 9.7 Ranged Weapons
 - Level 2.4 Dodging


You had 3 spell levels left.
You didn't know any spells.
Your spell library was empty.

Dungeon Overview and Level Annotations

Branches:
Dungeon (2/15)

Altars:

Shops:
D:1 ?((*

Annotations:
D:1 1 transporter
D:2 Sigmund


Message History

Sigmund points at you and mumbles some strange words.
You are confused.
You are too confused!
You are too confused!
Unknown command.
Non-targeted confused fire: b) +0 sling
Press: ? - help, Q - select action Dir - look around, f - activate Look: Sigmund, wielding a +0 scythe and wearing a +0 robe (almost dead, slightly transparent, haloed)
You shoot a sling bullet.
Sigmund hits you from afar with a +0 scythe!
* * * LOW HITPOINT WARNING * * *
Unknown command.
Unknown command.
Unknown command.
You are more confused.
You feel invigorated. Sigmund gestures at you while chanting.
You are more confused.
Unknown command.
Sigmund barely misses you.
Sigmund hits you from afar with a +0 scythe!
Sigmund casts a spell at you. The puff of flame hits you!
Sigmund hits you from afar with a +0 scythe.
You feel less invigorated.
Sigmund hits you from afar with a +0 scythe!
Sigmund completely misses you.
You bump into the rock wall.
Sigmund attacks as he pursues you! Sigmund closely misses you.
Sigmund gestures at you while chanting. The magic dart hits you!
* * * LOW HITPOINT WARNING * * *
It was a potion of experience.
You feel more experienced!
Your Ranged Weapons skill gained 9 levels and is now at level 9!
You have reached level 4!
Sigmund gestures at you while chanting. The puff of flame hits you!
You die...
Sigmund begins carving another notch in his scythe.

#.# #.# #.# #.#
#<# .###.#####.#
.......@.#.###.#
.#.#.###.......#
###@.###.#
#...).# #.#...#
...#...#
#........#
....##....# ....
.....# ...
###...# #...#


You could see Sigmund (invisible).

Vanquished Creatures
  2 dart slugs
  An endoplasm (D:2)
  A giant cockroach (D:1)
  A hobgoblin (D:1)
  A jackal (D:1)
  A quokka (D:1)
  A ball python (D:1)
  5 bats (D:1)
  A frilled lizard (D:1)
  2 goblins (D:1)
  2 kobolds
  A rat (D:1)
19 creatures vanquished.

Notes
Turn   | Place    | Note
-------+----------+-------------------------------------------
     0 | D:1      | Laraso the Hill Orc Monk began the quest for the Orb.
     0 | D:1      | Reached XP level 1. HP: 19/19 MP: 1/1
    58 | D:1      | Found Lyrell's Assorted Antiques.
   161 | D:1      | Found Heiloto's Weapon Emporium.
   317 | D:1      | Found Pioneod's Antique Weapon Emporium.
   351 | D:1      | Reached XP level 2. HP: 27/27 MP: 2/2
   364 | D:1      | Found Qirch's Magic Scroll Emporium.
   470 | D:1      | Bought a sling for 46 gold pieces
   848 | D:2      | Reached XP level 3. HP: 33/33 MP: 3/3
   853 | D:2      | Noticed Sigmund
   894 | D:2      | Reached skill level 9 in Ranged Weapons
   894 | D:2      | Reached XP level 4. HP: 6/40 MP: 4/4
   894 | D:2      | Killed from afar by Sigmund

Illustrated notes

Levels and vault maps discovered:
D:1:      spicycebolla_arrival_risky_transporter, layout_basic, serial_shops,
          nicolae_shop_real_fake_doors, nicolae_shop_rolled_up,
          nicolae_square_shop, nicolae_shop_just_a_little_nook,
          minmay_heptomino_d4
D:2:      layout_rooms, uniq_sigmund

Skill      XL: |  1  2  3 |
---------------+----------+-----
Fighting       | 4 |  4.3
Ranged Weapons | 9 |  9.7
Axes           | |  4.6
Dodging        | |  2.4

Action                     |  1- 3 |  4- 6 || total
---------------------------+-------+-------++-------
  Melee: Hand axe          |    45 |       ||    45
   Fire: Sling             |    37 |       ||    37
    Use: Potion            |     3 |       ||     3
 Armour: Robe              |    40 |     1 ||    41
         Skin              |    13 |       ||    13
  Dodge: Dodged            |    45 |       ||    45

Table legend: (Time is in decaauts)
 A = Elapsed time spent in this place.
 B = Non-inter-level travel time spent in this place.
 C = Inter-level travel time spent in this place.
 D = Time resting spent in this place.
 E = Time spent auto-exploring this place.
 F = Levels seen in this place.
 G = Mean time per level.
                   A        B        C        D        E       F      G
               +--------+--------+--------+--------+--------+-----+--------+
         Total |    908 |    873 |     35 |     19 |    671 |   2 |  454.0 |
       Dungeon |    908 |    873 |     35 |     19 |    671 |   2 |  454.0 |
               +--------+--------+--------+--------+--------+-----+--------+

Top non-repeatable levels by time:
     D:1: 843 daAuts
     D:2: 65 daAuts
